[ PARTIDA AOE2 · #513737193 ]
UnrankedGodos vs Goths
Equipo del jugador · VICT
Equipo rival · DERR
[ ANÁLISIS DE REPETICIÓN · EXTRAÍDO DE LA PARTIDA GRABADA ]
Feudal
15:45
Castillos
—
Imperial
—
| APM promedio | 49.4 |
| APM pico | 63 |
| eAPM promedio | 20.7 |
| Aldeanos / militares | 42 / 37 |
Foco
⚔️ 27.9% · 🌾 72.1%
Militia ×24 · Skirmisher ×10 · Archer ×3
Feudal
11:14
Castillos
—
Imperial
—
| APM promedio | 51.4 |
| APM pico | 83 |
| eAPM promedio | 22.5 |
| Aldeanos / militares | 50 / 14 |
Foco
⚔️ 25.6% · 🌾 74.4%
Archer ×12 · Skirmisher ×2
Mapa de la partida
Recursos iniciales + cada clic de construcción. Líneas = muros · curvas = relieve. ◆ oro · ⬟ piedra · ● bayas · ✦ reliquia · ◌ hueco del cierre
Tu base· Abierta — flanco sin cerrar
Base de CharChar· Abierta — flanco sin cerrar
Terreno inicial suavizado · ◌ = hueco del cierre detectado · pasá el cursor para detalles
Inputs por minuto
— Istoleyourratings - - CharChar
Build order — Istoleyourratings
146 acciones detectadas en el replay
| 0:01 | Encolar | Villager (Male) |
| 0:01 | Encolar | Villager (Male) |
| 0:01 | Encolar | Villager (Male) |
| 0:01 | Encolar | Villager (Male) |
| 0:01 | Encolar | Villager (Male) |
| 0:02 | Construir | House |
| 0:04 | Construir | House |
| 0:13 | Investigar | Loom |
| 0:14 | Encolar | Villager (Male) |
| 0:14 | Encolar | Villager (Male) |
| 0:14 | Encolar | Villager (Male) |
| 0:14 | Encolar | Villager (Male) |
| 1:32 | Encolar | Villager (Male) |
| 1:59 | Encolar | Villager (Male) |
| 2:26 | Encolar | Villager (Male) |
| 2:26 | Encolar | Villager (Male) |
| 2:54 | Encolar | Villager (Male) |
| 3:02 | Construir | House |
| 3:06 | Encolar | Villager (Male) |
| 3:44 | Encolar | Villager (Male) |
| 3:49 | Construir | Barracks |
| 3:59 | Encolar | Villager (Male) |
| 4:31 | Encolar | Villager (Male) |
| 4:57 | Encolar | Militia |
| 4:57 | Encolar | Militia |
| 4:57 | Encolar | Militia |
| 4:59 | Encolar | Villager (Male) |
| 5:43 | Encolar | Villager (Male) |
| 5:46 | Construir | House |
| 6:05 | Construir | Lumber Camp |
| 6:09 | Encolar | Villager (Male) |
| 6:09 | Encolar | Villager (Male) |
| 6:40 | Encolar | Villager (Male) |
| 6:55 | Encolar | Militia |
| 6:55 | Encolar | Villager (Male) |
| 7:09 | Construir | Mill |
| 7:29 | Encolar | Militia |
| 7:29 | Encolar | Militia |
| 7:29 | Encolar | Militia |
| 7:44 | Construir | House |
| 7:53 | Construir | Palisade Wall |
| 7:53 | Construir | Palisade Wall |
| 7:54 | Construir | Palisade Wall |
| 7:54 | Construir | Palisade Wall |
| 7:55 | Construir | Palisade Wall |
| 7:55 | Construir | Palisade Wall |
| 7:56 | Construir | Palisade Wall |
| 7:56 | Construir | Palisade Wall |
| 7:57 | Construir | Palisade Wall |
| 8:42 | Encolar | Militia |
| 8:42 | Encolar | Militia |
| 8:42 | Encolar | Militia |
| 8:43 | Encolar | Villager (Male) |
| 8:48 | Construir | Mining Camp |
| 9:14 | Encolar | Villager (Male) |
| 9:20 | Construir | Farm |
| 9:37 | Encolar | Villager (Male) |
| 9:39 | Construir | House |
| 9:52 | Encolar | Militia |
| 9:52 | Encolar | Militia |
| 9:54 | Encolar | Villager (Male) |
| 9:56 | Construir | Farm |
| 10:27 | Encolar | Villager (Male) |
| 10:29 | Construir | House |
| 10:38 | Encolar | Militia |
| 11:01 | Encolar | Villager (Male) |
| 11:03 | Construir | Farm |
| 11:06 | Construir | Farm |
| 11:32 | Encolar | Militia |
| 11:44 | Encolar | Villager (Male) |
| 11:48 | Construir | Farm |
| 11:50 | Construir | Farm |
| 12:33 | Construir | Farm |
| 13:36 | Investigar | Feudal Age |
| 13:36 | Investigar | Feudal Age |
| 13:48 | Encolar | Militia |
| 14:17 | Construir | Farm |
| 14:18 | Construir | Farm |
| 14:19 | Construir | Farm |
| 14:29 | Encolar | Militia |
| 14:34 | Construir | House |
| 15:08 | Construir | House |
| 15:19 | Construir | Lumber Camp |
| 15:45 | Edad | Edad Feudal |
| 15:47 | Construir | Archery Range |
| 15:51 | Investigar | Man-at-Arms (upgrade) |
| 15:51 | Investigar | Man-at-Arms (upgrade) |
| 15:54 | Encolar | Villager (Male) |
| 16:11 | Construir | Watch Tower |
| 16:17 | Encolar | Skirmisher |
| 16:17 | Encolar | Skirmisher |
| 16:21 | Encolar | Militia |
| 16:21 | Encolar | Militia |
| 16:26 | Encolar | Villager (Male) |
| 16:35 | Encolar | Skirmisher |
| 16:51 | Encolar | Villager (Male) |
| 16:55 | Construir | Blacksmith |
| 17:32 | Encolar | Skirmisher |
| 17:35 | Encolar | Villager (Male) |
| 17:37 | Construir | Farm |
| 17:41 | Construir | Farm |
| 17:43 | Construir | Farm |
| 17:44 | Investigar | Horse Collar |
| 17:44 | Investigar | Horse Collar |
| 17:44 | Investigar | Forging |
| 17:45 | Investigar | Fletching |
| 17:45 | Investigar | Fletching |
| 17:53 | Encolar | Militia |
| 17:53 | Encolar | Militia |
| 17:56 | Encolar | Villager (Male) |
| 18:02 | Construir | Farm |
| 18:09 | Encolar | Skirmisher |
| 18:35 | Investigar | Padded Archer Armor |
| 18:35 | Encolar | Villager (Male) |
| 18:36 | Construir | Farm |
| 18:36 | Construir | Farm |
| 18:47 | Encolar | Skirmisher |
| 18:48 | Encolar | Skirmisher |
| 19:08 | Encolar | Villager (Male) |
| 19:11 | Construir | Farm |
| 19:30 | Encolar | Militia |
| 20:15 | Encolar | Villager (Male) |
| 20:17 | Construir | Farm |
| 20:17 | Construir | Farm |
| 20:20 | Construir | Farm |
| 20:21 | Construir | Farm |
| 20:23 | Construir | Farm |
| 20:26 | Investigar | Wheelbarrow |
| 20:29 | Encolar | Militia |
| 20:32 | Investigar | Scale Mail Armor |
| 20:32 | Investigar | Scale Mail Armor |
| 20:36 | Encolar | Skirmisher |
| 20:36 | Encolar | Skirmisher |
| 20:52 | Encolar | Villager (Male) |
| 21:09 | Encolar | Skirmisher |
| 21:46 | Encolar | Villager (Male) |
| 21:49 | Construir | Archery Range |
| 22:06 | Encolar | Militia |
| 22:06 | Encolar | Militia |
| 22:23 | Construir | Farm |
| 22:23 | Construir | Farm |
| 22:25 | Construir | Farm |
| 23:00 | Encolar | Villager (Male) |
| 23:08 | Encolar | Archer |
| 23:09 | Encolar | Archer |
| 23:09 | Encolar | Archer |
Build order — CharChar
108 acciones detectadas en el replay
| 0:01 | Encolar | Villager (Male) |
| 0:01 | Encolar | Villager (Male) |
| 0:01 | Encolar | Villager (Male) |
| 0:02 | Encolar | Villager (Male) |
| 0:03 | Construir | House |
| 0:05 | Construir | House |
| 1:14 | Construir | House |
| 1:40 | Encolar | Villager (Male) |
| 1:40 | Encolar | Villager (Male) |
| 1:57 | Construir | Lumber Camp |
| 2:09 | Encolar | Villager (Male) |
| 2:09 | Encolar | Villager (Male) |
| 2:09 | Encolar | Villager (Male) |
| 2:25 | Encolar | Villager (Male) |
| 2:25 | Encolar | Villager (Male) |
| 3:03 | Encolar | Villager (Male) |
| 3:03 | Encolar | Villager (Male) |
| 3:06 | Encolar | Villager (Male) |
| 3:06 | Encolar | Villager (Male) |
| 3:07 | Encolar | Villager (Male) |
| 3:39 | Encolar | Villager (Male) |
| 3:39 | Encolar | Villager (Male) |
| 3:40 | Encolar | Villager (Male) |
| 3:40 | Encolar | Villager (Male) |
| 4:43 | Encolar | Villager (Male) |
| 4:59 | Investigar | Loom |
| 5:09 | Construir | Mill |
| 5:27 | Construir | Palisade Wall |
| 5:29 | Construir | Palisade Wall |
| 5:29 | Construir | Palisade Wall |
| 5:38 | Encolar | Villager (Male) |
| 5:39 | Encolar | Villager (Male) |
| 6:06 | Encolar | Villager (Male) |
| 6:18 | Construir | House |
| 6:48 | Encolar | Villager (Male) |
| 7:22 | Construir | Mill |
| 7:24 | Encolar | Villager (Male) |
| 7:24 | Encolar | Villager (Male) |
| 7:25 | Encolar | Villager (Male) |
| 7:58 | Encolar | Villager (Male) |
| 9:02 | Investigar | Feudal Age |
| 9:08 | Construir | Mining Camp |
| 10:51 | Construir | Barracks |
| 11:14 | Edad | Edad Feudal |
| 11:47 | Encolar | Villager (Male) |
| 11:49 | Construir | Archery Range |
| 12:22 | Encolar | Villager (Male) |
| 12:22 | Encolar | Villager (Male) |
| 12:26 | Encolar | Villager (Male) |
| 12:42 | Encolar | Villager (Male) |
| 13:28 | Encolar | Villager (Male) |
| 13:30 | Encolar | Archer |
| 13:30 | Encolar | Archer |
| 14:02 | Encolar | Archer |
| 14:10 | Construir | House |
| 14:16 | Construir | Blacksmith |
| 14:34 | Construir | House |
| 14:37 | Investigar | Double-Bit Axe |
| 14:37 | Investigar | Horse Collar |
| 14:44 | Encolar | Archer |
| 15:04 | Construir | Farm |
| 15:07 | Construir | Farm |
| 15:09 | Encolar | Villager (Male) |
| 15:11 | Investigar | Fletching |
| 15:33 | Construir | Farm |
| 15:35 | Construir | Farm |
| 15:36 | Construir | Farm |
| 15:37 | Construir | Farm |
| 15:47 | Encolar | Villager (Male) |
| 15:58 | Encolar | Villager (Male) |
| 16:19 | Encolar | Archer |
| 16:23 | Construir | Farm |
| 16:42 | Encolar | Villager (Male) |
| 16:55 | Encolar | Villager (Male) |
| 16:56 | Encolar | Archer |
| 17:04 | Construir | Farm |
| 17:04 | Construir | Farm |
| 17:32 | Encolar | Archer |
| 17:37 | Construir | House |
| 17:39 | Construir | Farm |
| 17:41 | Construir | Farm |
| 17:45 | Encolar | Villager (Male) |
| 17:46 | Encolar | Villager (Male) |
| 17:46 | Encolar | Villager (Male) |
| 17:46 | Encolar | Villager (Male) |
| 17:49 | Construir | House |
| 17:51 | Construir | House |
| 17:56 | Encolar | Archer |
| 18:17 | Construir | Farm |
| 18:25 | Construir | Lumber Camp |
| 18:41 | Encolar | Skirmisher |
| 18:42 | Encolar | Skirmisher |
| 18:53 | Construir | House |
| 19:09 | Construir | Palisade Wall |
| 19:11 | Construir | Palisade Wall |
| 19:12 | Encolar | Villager (Male) |
| 20:06 | Encolar | Villager (Male) |
| 20:07 | Encolar | Archer |
| 20:07 | Encolar | Archer |
| 20:09 | Construir | Farm |
| 20:11 | Construir | Farm |
| 20:13 | Construir | Farm |
| 20:53 | Encolar | Villager (Male) |
| 20:54 | Encolar | Villager (Male) |
| 20:54 | Encolar | Villager (Male) |
| 21:33 | Encolar | Villager (Male) |
| 21:34 | Encolar | Archer |
| 21:34 | Encolar | Archer |
Cronología de la partida
| 3:49 | Istoleyourratings · first_building Barracks |
| 5:27 | CharChar · wall_segment Palisade Wall x2 |
| 5:29 | CharChar · wall_segment Palisade Wall x2 |
| 5:29 | CharChar · wall_segment Palisade Wall x1 |
| 7:53 | Istoleyourratings · wall_segment Palisade Wall x1 |
| 7:53 | Istoleyourratings · wall_segment Palisade Wall x1 |
| 7:54 | Istoleyourratings · wall_segment Palisade Wall x1 |
| 7:54 | Istoleyourratings · wall_segment Palisade Wall x1 |
| 7:55 | Istoleyourratings · wall_segment Palisade Wall x2 |
| 7:55 | Istoleyourratings · wall_segment Palisade Wall x2 |
| 7:56 | Istoleyourratings · wall_segment Palisade Wall x1 |
| 7:56 | Istoleyourratings · wall_segment Palisade Wall x1 |
| 7:57 | Istoleyourratings · wall_segment Palisade Wall x1 |
| 10:51 | CharChar · first_building Barracks |
| 11:14 | CharChar · age_up feudal |
| 11:49 | CharChar · first_building Archery Range |
| 15:45 | Istoleyourratings · age_up feudal |
| 15:47 | Istoleyourratings · first_building Archery Range |
| 19:09 | CharChar · wall_segment Palisade Wall x4 |
| 19:11 | CharChar · wall_segment Palisade Wall x6 |
| 23:09 | CharChar · resign |
[ ANÁLISIS IA · 1 CRÉDITO ]
¿Qué pasó realmente en esta partida?
Wolo.gg analiza cada decisión: build order, eco, micro, errores típicos por bracket. Análisis personalizado por WhatsApp o Discord en 30 segundos.
Guía civ
Godos
Perfil
Jugador #18203263